 Dungeon Crawl Stone Soup version 0.22.1-1-ga44c0e56f4 (webtiles) character file.

3175 Kohma the Cleaver (level 9, -7/83 HPs)
             Began as a Minotaur Fighter on Oct 15, 2018.
             Was a Priest of Makhleb.
             Killed by divine providence
             ... invoked by a smoke demon
             ... summoned by the player character
              (12 damage)
             ... on level 7 of the Dungeon.
             The game lasted 00:18:42 (6187 turns).

Kohma the Cleaver (Minotaur Fighter)                Turns: 6187, Time: 00:18:43

Health: -7/83      AC:  8    Str: 23    XL:     9   Next: 63%
Magic:  8/8        EV:  8    Int:  5    God:    Makhleb [***...]
Gold:   284        SH: 12    Dex: 11    Spells: 8/8 levels left

rFire    . . .     SeeInvis .   a - +0 war axe
rCold    . . .     Gourm    .   c - +1 shield
rNeg     . . .     Faith    .   b - +0 scale mail
rPois    .         Spirit   .   (helmet restricted)
rElec    .         Reflect  .   (no cloak)
rCorr    .         Harm     .   s - +0 pair of gloves
MR       +....                  (no boots)
Stlth    ..........             (no amulet)
HPRegen  0.23/turn              l - ring of protection from magic
MPRegen  0.11/turn              (no ring)

@: marked
A: retaliatory headbutt, horns 2
a: Minor Destruction, Lesser Servant of Makhleb, Renounce Religion


You were on level 7 of the Dungeon.
You worshipped Makhleb.
Makhleb was most pleased with you.
You were not hungry.

You visited 2 branches of the dungeon, and saw 8 of its levels.

You collected 284 gold pieces.

Inventory:

Hand Weapons
 a - a +0 war axe (weapon)
Missiles
 h - 124 stones
 v - 13 tomahawks (quivered)
Armour
 b - a +0 scale mail (worn)
 c - a +1 shield (worn)
 s - a +0 pair of gloves (worn)
Jewellery
 l - a ring of protection from magic (left hand)
Wands
 t - a wand of random effects (29)
Scrolls
 j - a scroll of blinking {unknown}
 k - a scroll of immolation {unknown}
 m - 2 scrolls of enchant armour
 o - 4 scrolls of remove curse
 p - a scroll of magic mapping
 x - a scroll of fear
Potions
 d - 2 potions of might
 e - 3 potions of heal wounds
 g - a potion of magic
 i - 2 potions of haste
 n - 2 potions of mutation
 q - 5 potions of curing
 r - a potion of ambrosia {unknown}
 w - a potion of berserk rage {unknown}
Comestibles
 f - 10 rations
 u - 8 chunks of flesh


   Skills:
 + Level 9.0 Fighting
 * Level 11.5 Axes
 - Level 3.6 Armour
 + Level 8.9 Shields


You had 8 spell levels left.
You didn't know any spells.
Your spell library contained the following spells:

 Spells                   Type           Power        Failure   Level  Hunger
 Animate Skeleton         Necr           N/A          96%         1    ##.....
 Apportation              Tloc           #.....       96%         1    ##.....
 Confusing Touch          Hex            #.....       96%         1    ##.....
 Infusion                 Chrm           #...         96%         1    ##.....
 Summon Small Mammal      Summ           #...         96%         1    ##.....
 Shroud of Golubria       Chrm/Tloc      #.........   99%         2    ###....
 Song of Slaying          Chrm           #.......     99%         2    ###....
 Confuse                  Hex            #.......     100%        3    ####...
 Gell's Gravitas          Tloc           #.........   100%        3    ####...
 Regeneration             Chrm/Necr      #.........   100%        3    ####...
 Spectral Weapon          Hex/Chrm       #.......     100%        3    ####...
 Petrify                  Tmut/Erth      #.......     100%        4    #####..
 Metabolic Englaciation   Hex/Ice        #.........   100%        5    ######.
 Yara's Violent Unravell  Hex/Tmut       #.........   100%        5    ######.


Dungeon Overview and Level Annotations

Branches:
Dungeon (7/15)             Temple (1/1) D:7

Altars:
Ashenzari
Cheibriados
Dithmenos
Fedhas
Gozag
Hepliaklqana
Makhleb
Nemelex Xobeh
Okawaru
Qazlal
Sif Muna
Trog
Uskayaw
Vehumet
Wu Jian
Xom
Yredelemnul
Zin
The Shining One

Shops:
D:6 (

Annotations:
D:7 Joseph


Innate Abilities, Weirdness & Mutations

You reflexively headbutt those who attack you in melee.
You have a pair of horns on your head.


Message History

Joseph is heavily wounded.
Joseph hits you but does no damage.
You slash Joseph!
Joseph is severely wounded.
Joseph hits you with an uncursed quarterstaff!
* * * LOW HITPOINT WARNING * * *
A demon appears!
It doesn't seem very happy.
You block Joseph's attack.
Joseph shouts, "Wow!"
Joseph unwields an uncursed quarterstaff.
Joseph wields an uncursed hunting sling.
Joseph shoots a sling bullet.
You block the sling bullet. The smoke demon gestures at you.
Makhleb smites you!
* * * LOW HITPOINT WARNING * * *
You see here a sling bullet.
The smoke demon gestures at you. Makhleb smites you!
You die...

,#....##PPP##.*,,#....#,,,,*,,,+,
,#....#P...P#**,,#....#,,,,**,,**
,#....#P.>.P# *,,#....#,,,,******
,#....#P...P#****#....#***+**,,,,
,#..[)##P.P##,+,,*,,,,,,,,,,*,,,,
,#.....##'##,**,,*,,,,,,,,,,+,,,,
,#........#,,**,,*,,,,,,,,,,*****
,#........#,,###+#####,,,,,,,,,,,
,#........#,,#3.@(...#,....,,,,,,
*#....#########.(....#..[...,,,,,
,#....#..##..##)(....#.......,,,,
,#....#......###@#####......#****
,#....#......#..W...........# *
,#....#..###'#...(..........# *
,#....#..#..................#****
,+....'..#...........^.......,,,,
,#....#..#...................,,,,


You could see Joseph, a smoke demon and a phantom.

Vanquished Creatures
  Harold (D:7)
  Pikel (D:5)
  Grinder (D:4)
  A hippogriff (D:7)
  Edmund (D:6)
  An ice beast (D:6)
  An orc warrior (D:6)
  2 sky beasts
  A slave (D:5)
  2 centaurs
  3 howler monkeys
  3 crimson imps
  2 hounds
  7 orc wizards
  4 orc priests
  A centaur skeleton (D:7)
  Terence (D:3)
  4 worker ants
  2 hound skeletons
  4 gnolls
  A howler monkey skeleton (D:4)
  6 adders
  2 shadow imps
  An ooze (D:4)
  An adder skeleton (D:4)
  4 worms
  A dart slug (D:6)
  9 leopard geckos
  32 orcs
  A ball python (D:1)
  4 giant cockroaches
  5 hobgoblins
  7 jackals
  3 quokkas
  8 bats
  4 frilled lizards
  7 goblins
  14 kobolds
  A quokka zombie (D:6)
  9 rats
  A bush (D:2)
  3 plants (D:2)
167 creatures vanquished.

Vanquished Creatures (others)
  An adder (D:3)
  A frilled lizard (D:3)
2 creatures vanquished.

Grand Total: 169 creatures vanquished

Notes
Turn   | Place    | Note
-------+----------+-------------------------------------------
     0 | D:1      | Kohma the Minotaur Fighter began the quest for the Orb.
     0 | D:1      | Reached XP level 1. HP: 19/19 MP: 0/0
   295 | D:1      | Reached skill level 3 in Axes
   295 | D:1      | Reached XP level 2. HP: 27/27 MP: 1/1
  1307 | D:2      | Reached XP level 3. HP: 33/33 MP: 2/2
  1618 | D:2      | Found an ornate altar of the Wu Jian Council.
  1618 | D:2      | Found a burning altar of Makhleb.
  1622 | D:2      | Became a worshipper of Makhleb the Destroyer
  2145 | D:3      | Reached skill level 4 in Axes
  2155 | D:3      | Reached XP level 4. HP: 32/41 MP: 3/3
  2403 | D:3      | Found an opulent altar of Gozag.
  2451 | D:3      | Reached XP level 5. HP: 47/47 MP: 4/4
  2525 | D:3      | Noticed Terence
  2530 | D:3      | Reached * piety under Makhleb
  2534 | D:3      | Killed Terence
  2534 | D:3      | Reached skill level 5 in Axes
  2694 | D:3      | Found a bloodstained altar of Trog.
  3032 | D:4      | Reached skill level 5 in Fighting
  3053 | D:4      | Reached skill level 5 in Shields
  3055 | D:4      | Reached XP level 6. HP: 56/56 MP: 5/5
  3146 | D:3      | Reached skill level 6 in Axes
  3478 | D:4      | Reached ** piety under Makhleb
  3581 | D:5      | Entered Level 5 of the Dungeon
  3582 | D:5      | Noticed Grinder
  3598 | D:4      | Killed Grinder
  3598 | D:4      | Reached skill level 7 in Axes
  3598 | D:4      | Reached XP level 7. HP: 40/62 MP: 6/6
  4097 | D:5      | Noticed Pikel
  4501 | D:6      | Found a snail-covered altar of Cheibriados.
  4570 | D:6      | Reached skill level 8 in Axes
  4609 | D:6      | Reached XP level 8. HP: 71/71 MP: 7/7
  4688 | D:6      | Found an iron altar of Okawaru.
  4745 | D:6      | Noticed Edmund
  4765 | D:6      | Killed Edmund
  4765 | D:6      | Reached *** piety under Makhleb
  4765 | D:6      | Reached skill level 9 in Axes
  4854 | D:6      | Found Kobbou's Weapon Emporium.
  5019 | D:6      | Found a radiant altar of Vehumet.
  5548 | D:5      | Killed Pikel
  5548 | D:5      | Reached skill level 10 in Axes
  5653 | D:5      | Reached XP level 9. HP: 81/81 MP: 8/8
  6062 | D:7      | Found a staircase to the Ecumenical Temple.
  6068 | Temple   | Entered the Ecumenical Temple
  6153 | D:7      | Noticed Harold
  6157 | D:7      | Noticed Joseph
  6176 | D:7      | Killed Harold
  6176 | D:7      | Reached skill level 11 in Axes
  6185 | D:7      | Noticed a smoke demon
  6187 | D:7      | Killed from afar by a smoke demon

Skill      XL: |  1  2  3  4  5  6  7  8  9 |
---------------+----------------------------+-----
Axes           | 3 4 5 7 8 10 11 | 11.5
Fighting       | 4 5 6 7 9 |  9.0
Shields        | 4 5 6 7 8 |  8.9
Armour         | |  3.6

Action                   |  1- 3 |  4- 6 |  7- 9 || total
-------------------------+-------+-------+-------++-------
Melee: War axe           |   199 |   115 |   248 ||   562
       Headbutt          |    51 |    25 |    50 ||   126
Throw: Stone             |       |       |     7 ||     7
Invok: Lesser Servant of |       |       |     1 ||     1
  Use: Scroll            |       |     5 |     8 ||    13
  Eat: Chunk             |     4 |     5 |     5 ||    14
       Ration            |       |       |     1 ||     1
Armor: Scale mail        |    68 |    53 |   100 ||   221
Dodge: Dodged            |    25 |    26 |    70 ||   121
Block: Shield            |    73 |    73 |   171 ||   317
